 Dungeon Crawl Stone Soup version 0.30-a0-782-ge64f9170bb (webtiles) character file.

Game seed: 11590246564705095235

3 Barriton the Conjurer (level 1, -1/14 HPs)
             Began as a Draconian Conjurer on Mar 7, 2023.
             Slain by a kobold
             ... wielding a +0 short sword
              (4 damage)
             ... on level 1 of the Dungeon.
             The game lasted 00:00:05 (56 turns).

Barriton the Conjurer (Draconian Conjurer)            Turns: 56, Time: 00:00:06

Health: -1/14      AC:  4    Str:  9    XL:     1   Next: 41%
Magic:  2/3        EV: 12    Int: 18    God:
Gold:   0          SH:  0    Dex:  9    Spells: 3/4 levels left

rFire   . . .      SeeInvis .    (no weapon)
rCold   . . .      Faith    .    (no shield)
rNeg    . . .      Spirit   .    (body armour unavailable)
rPois   .          Reflect  .    (helmet restricted)
rElec   .          Harm     .    (no cloak)
rCorr   .          Rampage  .    (no gloves)
Will    .....                    (no boots)
Stlth   ++                       (no amulet)
HPRegen 0.22/turn                (no ring)
MPRegen 0.08/turn                (no ring)

@: no status effects
A: AC +4, unfitting armour, cold-blooded
a: no special abilities


You were on level 1 of the Dungeon.
You visited 1 branch of the dungeon, and saw 1 of its levels.

Inventory:

Potions
 a - a potion of magic


   Skills:
 + Level 1.7 Dodging
 + Level 1.7 Stealth
 + Level 2.0 Spellcasting
 + Level 4.1 Conjurations


You had 3 spell levels left.
You knew the following spells:

 Your Spells              Type           Power      Damage    Failure   Level
a - Magic Dart            Conj           64%        1d6       3%          1

Your spell library contained the following spells:

 Spells                   Type           Power      Damage    Failure   Level
 Searing Ray              Conj           32%        2d5       4%          2
 Dazzling Flash           Conj/Hex       18%        N/A       22%         3
 Fulminant Prism          Conj/Hex       4%         3d5       58%         4
 Iskenderun's Mystic Bla  Conj/Tloc      9%         2d4       58%         4


Dungeon Overview and Level Annotations

Branches:
Dungeon (1/15)

Altars:


Innate Abilities, Weirdness & Mutations

Your plain brown scales are hard. (AC +4)
You cannot fit into any form of body armour.
You are cold-blooded and may be slowed by cold attacks.


Message History

You barely miss the kobold. The kobold hits you with a +0 whip.
You barely miss the kobold. You tail-slap the kobold.
The kobold is severely wounded.
The kobold hits you with a +0 whip.
You barely miss the kobold.
The kobold is severely wounded.
The kobold closely misses you.
You hit the kobold but do no damage.
The kobold is severely wounded.
The kobold closely misses you.
You closely miss the kobold.
The kobold is severely wounded.
The kobold hits you with a +0 whip.
You hit the kobold.
You kill the kobold!
You hit the kobold but do no damage.
The kobold hits you with a +0 short sword.
* * * LOW HITPOINT WARNING * * *
You barely miss the kobold.
The kobold hits you with a +0 short sword.
* * * LOW HITPOINT WARNING * * *
You closely miss the kobold.
The kobold hits you with a +0 short sword.
* * * LOW HITPOINT WARNING * * *
You hit the kobold but do no damage. The kobold hits you but does no damage.
You barely miss the kobold. The kobold hits you but does no damage.
You hit the kobold.
The kobold is moderately wounded.
The kobold closely misses you.
You closely miss the kobold.
The kobold is moderately wounded.
The kobold hits you but does no damage.
You closely miss the kobold.
You tail-slap the kobold, but do no damage.
The kobold is moderately wounded.
The kobold barely misses you.
You hit the kobold but do no damage. You tail-slap the kobold.
The kobold is severely wounded.
The kobold hits you with a +0 short sword.
You die...

#.. #.# #.#
#.# #.# #.#
#.# #.# #@#
##K######
#.......#
#.......#
#.......#
#.......#
#..........
#........##
##
#..........
.


You could see a kobold.

Vanquished Creatures
  A quokka (D:1)
  A ball python (D:1)
  A kobold (D:1)
  A rat (D:1)
4 creatures vanquished.

Notes
Turn   | Place    | Note
-------+----------+-------------------------------------------
     0 | D:1      | Barriton the Draconian Conjurer began the quest for the
                  | Orb.
     0 | D:1      | Reached XP level 1. HP: 14/14 MP: 3/3
    56 | D:1      | Slain by a kobold

Illustrated notes

Levels and vault maps discovered:
D:1:      dpeg_arrival_houses_and_road, layout_loops_ring

Action                     || total
---------------------------++-------
  Melee: Unarmed           ||    26
         Tailslap          ||     5
   Cast: Magic Dart        ||     3
 Armour: Skin              ||     6
  Dodge: Dodged            ||    20

Table legend: (Time is in decaauts)
 A = Elapsed time spent in this place.
 B = Non-inter-level travel time spent in this place.
 C = Inter-level travel time spent in this place.
 D = Time resting spent in this place.
 E = Time spent auto-exploring this place.
 F = Levels seen in this place.
 G = Mean time per level.
                   A        B        C        D        E       F      G
               +--------+--------+--------+--------+--------+-----+--------+
         Total |     56 |     56 |      0 |      0 |     21 |   1 |   56.0 |
       Dungeon |     56 |     56 |      0 |      0 |     21 |   1 |   56.0 |
               +--------+--------+--------+--------+--------+-----+--------+

Top non-repeatable levels by time:
     D:1: 56 daAuts
